 Dungeon Crawl Stone Soup version 0.25-a0-890-g62861fb195 (webtiles) character file.

Game seed: 15480857025599272938, levelgen mode: deterministic

19644 tilp the Fighter (level 13, 0/82 HPs)
             Began as a Kobold Arcane Marksman on May 2, 2020.
             Was an Elder of Okawaru.
             Slain by a tyrant leech (15 damage)
             ... on level 3 of the Lair of Beasts.
             The game lasted 00:58:43 (23519 turns).

tilp the Fighter (Kobold Arcane Marksman)          Turns: 23519, Time: 00:58:43

Health: 0/82       AC: 18    Str: 10    XL:     13   Next: 6%
Magic:  15/19      EV: 21    Int: 16    God:    Okawaru [****..]
Gold:   1176       SH:  0    Dex: 16    Spells: 6/20 levels left

rFire    + . .     SeeInvis .   b - +0 morningstar (protect)
rCold    . . .     Gourm    .   (shield restricted)
rNeg     . . .     Faith    .   W - +2 leather armour {rF+}
rPois    +         Spirit   .   o - +0 helmet
rElec    .         Reflect  .   f - +1 cloak
rCorr    .         Harm     .   d - +1 pair of gloves
MR       .....                  A - +0 pair of boots {Stlth+}
Stlth    +++++.....             (no amulet)
HPRegen  0.23/turn              F - ring of flight
MPRegen  0.16/turn              X - ring of poison resistance

@: protection aura
A: small, carnivore
a: Heroism, Renounce Religion, Evoke Flight


You were on level 3 of the Lair of Beasts.
You worshipped Okawaru.
Okawaru was greatly pleased with you.
You were completely stuffed.

You visited 2 branches of the dungeon, and saw 13 of its levels.
You also visited: Sewer and Bailey.

You collected 1176 gold pieces.

Inventory:

Hand Weapons
 a - a +1 hand crossbow
 b - a +0 morningstar of protection (weapon)
 s - a +1 broad axe of electrocution
 Q - a +2 war axe of flaming
Missiles
 l - 7 throwing nets {!f}
 v - 17 poisoned darts (quivered)
 C - 4 boomerangs
 E - a boomerang of dispersal
 P - 128 bolts
Armour
 d - a +1 pair of gloves (worn)
 f - a +1 cloak (worn)
 o - a +0 helmet (worn)
 A - a +0 pair of boots of stealth (worn)
 U - a +3 leather armour of cold resistance
 V - a +0 buckler
 W - a +2 leather armour of fire resistance (worn)
Jewellery
 i - an uncursed ring of ice
 F - a ring of flight (left hand)
 J - a +3 ring of protection {unknown}
 X - a ring of poison resistance (right hand)
Wands
 k - a wand of flame (34)
 y - a wand of acid (15)
 K - a wand of polymorph (2)
 M - a wand of enslavement (13)
 T - a wand of paralysis (6)
Scrolls
 e - 2 scrolls of fog
 g - 3 scrolls of remove curse
 u - a scroll of summoning {unknown}
 w - a scroll of enchant weapon
 x - 4 scrolls of teleportation
 B - a scroll of noise {unknown}
 H - a scroll of vulnerability
 I - a scroll of blinking
 N - a scroll of torment {unknown}
 R - a scroll of fear
 S - a scroll of random uselessness {unknown}
Potions
 j - a potion of magic
 m - 2 potions of brilliance
 n - 4 potions of flight
 p - a potion of berserk rage
 r - 2 potions of lignification {unknown}
 t - 3 potions of curing
 z - a potion of resistance
 D - 2 potions of mutation
 G - a potion of ambrosia
 L - a potion of invisibility
 O - a potion of cancellation
Miscellaneous
 h - a phial of floods (inert)
 Y - 2 phantom mirrors
 Z - a box of beasts
Comestibles
 c - 23 rations
 q - 4 chunks of flesh


   Skills:
 - Level 10.1 Fighting
 - Level 6.0 Maces & Flails
 - Level 10.0 Crossbows
 - Level 10.0 Dodging
 - Level 8.0 Stealth
 - Level 4.0 Spellcasting
 - Level 8.0 Hexes
 + Level 7.4 Invocations
 + Level 6.1 Evocations


You had 6 spell levels left.
You knew the following spells:

 Your Spells              Type           Power        Failure   Level  Hunger
a - Corona                Hex            ####...      1%          1    None
b - Slow                  Hex            ####....     1%          2    ##.....
c - Portal Projectile     Hex/Tloc       ###...       13%         3    ###....
d - Cause Fear            Hex            ####......   9%          4    ####...
e - Leda's Liquefaction   Hex/Erth       ###.......   41%         4    ####...

Your spell library contained the following spells:

 Spells                   Type           Power        Failure   Level  Hunger
 Inner Flame              Hex/Fire       ###.....     13%         3    ###....
 Sandblast                Erth           #.....       22%         1    None
 Passwall                 Tmut/Erth      #.......     34%         2    ##.....
 Stone Arrow              Conj/Erth      #.....       56%         3    ###....
 Petrify                  Tmut/Erth      #.......     92%         4    ####...
 Irradiate                Conj/Tmut      #.........   99%         5    ######.
 Lee's Rapid Deconstruct  Erth           #.........   99%         5    ######.
 Hydra Form               Tmut           #.........   100%        6    #######
 Statue Form              Tmut/Erth      #........    100%        6    #######
 Dragon Form              Tmut           #.........   100%        7    #######


Dungeon Overview and Level Annotations

Branches:
Dungeon (10/15)            Temple (0/1) D:6            Lair (3/6) D:10
    Orc (0/2) D:9           Sewer (visited)          Bailey (visited)
  Swamp: Lair:2-4    Shoals: Lair:2-4     Snake: Lair:2-4    Spider: Lair:2-4

Altars:
Fedhas
Gozag
Makhleb
Nemelex Xobeh
Okawaru
Ru
Trog
Uskayaw
Vehumet
Xom
Yredelemnul

Shops:
D:10 (

Portals:
Ice
Cave: Lair:3

Annotations:
D:5 2 transporters, Xiguana's ghost, novice OgVM
D:6 exclusion: 3 killer bees
D:10 !skeletal warrior in S half
Lair:3 exclusion: water moccasin, Rupert


Innate Abilities, Weirdness & Mutations

You are small and have problems with some larger weapons.
You are carnivorous and can eat meat at any time.


Message History

You thump the tyrant leech!
The tyrant leech is moderately wounded.
Casting: Slow (safe; 1% risk of failure)
Confirm with . or Enter, or press ? or * to list all spells.
Aiming: Slow (safe; 1% risk of failure)
Press: ? - help, Shift-Dir - straight line, f/p - tyrant leech
Aim: a tyrant leech (moderately wounded, chance to defeat MR: 50%)
The tyrant leech resists with significant effort.
You feel like a meek peon again. The tyrant leech bites you!!
* * * LOW HITPOINT WARNING * * *
The tyrant leech draws strength from your injuries!
Casting: Slow (safe; 1% risk of failure)
Confirm with . or Enter, or press ? or * to list all spells.
Aiming: Slow (safe; 1% risk of failure)
Press: ? - help, Shift-Dir - straight line, f/p - tyrant leech
Aim: a tyrant leech (lightly wounded, chance to defeat MR: 50%)
The tyrant leech resists with significant effort.
The tyrant leech bites you!
You die...

. #.. ###......#
. #..###.##...P#
@ #..##..#....##
. ##...........#
.
##...........###
#....#.#......P#
..∩..
#.#...####<..PP#
# 5.5.. #....#
#....### ..55..
#.@.## ##....#
.5..PP #w...#
#...## #....#
#(....# ....#
##....P#
.((...## #....
.....P# #(.....#
♣♣...# ....!.#
#P(.....♣ ♣.##
...##.#
#..(.....♣ #.##
..(#.#.##♣ ###


You could see a tyrant leech.

Vanquished Creatures
  A hydra (Lair:2)
  A centaur warrior (D:10)
  A two-headed ogre (D:9)
  A tengu warrior (D:10)
  An unseen horror (D:10)
  Pikel (D:4)
  Joseph (D:8)
  Maggie (D:8)
  4 spiny frogs
  2 komodo dragons (Lair:2)
  A queen bee (D:8)
  A tyrant leech (Lair:3)
  A troll (D:10)
  3 hippogriffs
  A slime creature (D:10)
  A shadow (D:10)
  13 yaks
  A basilisk (D:10)
  Eustachio (D:6)
  2 hungry ghosts
  Grum (D:9)
  2 porcupines (Lair:2)
  3 water moccasins
  3 black bears
  A sky beast (D:7)
  2 slaves (D:4)
  2 ice beasts
  8 orc warriors
  A hornet zombie (D:8)
  A phantom (D:8)
  An eye of draining (D:10)
  9 ogres
  4 necrophages
  2 centaurs (D:8)
  A boggart (D:10)
  A crocodile (Lair:2)
  12 wolves
  5 big kobolds
  Blork the orc (D:5)
  16 bullfrogs
  5 gnoll sergeants (Bailey)
  A scorpion (D:9)
  5 wights (D:7)
  15 killer bees (D:8)
  3 howler monkeys
  5 crimson imps
  2 centaur zombies
  7 gnoll shamans
  8 hounds
  4 jellies
  4 bullfrog skeletons
  3 orc priests (D:9)
  4 iguanas
  Jessica (D:3)
  3 orc wizards
  8 worker ants
  A hound skeleton (D:8)
  26 gnolls
  14 adders
  3 river rats (Sewer)
  2 oozes
  An adder skeleton (D:8)
  3 worms
  2 dart slugs (D:1)
  5 leopard geckos
  23 orcs
  3 bats
  10 giant cockroaches
  11 goblins
  6 hobgoblins
  15 jackals
  30 kobolds
  4 quokkas
  8 ball pythons
  A leopard gecko zombie (D:5)
  A quokka skeleton (D:4)
  A quokka zombie (D:7)
  24 rats
  A fungus (Lair:2)
388 creatures vanquished.

Vanquished Creatures (collateral kills)
  Fannar (Lair:3)
  A water moccasin (Lair:3)
  3 white imps (Lair:3)
5 creatures vanquished.

Vanquished Creatures (others)
  An adder (D:4)
  3 fungi
4 creatures vanquished.

Grand Total: 397 creatures vanquished

Notes
Turn   | Place    | Note
-------+----------+-------------------------------------------
     0 | D:1      | tilp the Kobold Arcane Marksman began the quest for the
                  | Orb.
     0 | D:1      | Reached XP level 1. HP: 12/12 MP: 2/2
   193 | D:1      | Reached XP level 2. HP: 16/16 MP: 3/3
   197 | D:1      | Learned a level 2 spell: Slow
   505 | D:1      | Reached XP level 3. HP: 18/20 MP: 4/4
  1068 | D:1      | HP: 1/20 [poisoned by an adder]
  1384 | D:2      | Found a faded altar of an unknown god.
  1784 | D:2      | Reached XP level 4. HP: 5/25 MP: 2/5
  1999 | D:2      | Reached skill level 5 in Crossbows
  2677 | D:3      | Found a glowing drain.
  2869 | Sewer    | Entered a sewer
  2895 | Sewer    | Reached XP level 5. HP: 27/29 MP: 3/6
  3125 | Sewer    | Noticed a big kobold
  3140 | Sewer    | Killed a big kobold
  3140 | Sewer    | Reached XP level 6. HP: 32/37 MP: 7/7
  4319 | D:3      | Noticed Jessica
  4320 | D:3      | Killed Jessica
  4320 | D:3      | Reached XP level 7. HP: 43/43 MP: 10/10
  5289 | D:4      | Reached skill level 5 in Hexes
  6255 | D:4      | Noticed Pikel
  6278 | D:4      | Killed Pikel
  6278 | D:4      | Reached XP level 8. HP: 25/48 MP: 8/11
  6503 | D:4      | Found a sparkling altar of Nemelex Xobeh.
  6503 | D:4      | Found an iron altar of Okawaru.
  6506 | D:4      | Became a worshipper of Warmaster Okawaru
  6672 | D:4      | Found a burning altar of Makhleb.
  6784 | D:5      | Entered Level 5 of the Dungeon
  6827 | D:4      | Reached skill level 5 in Fighting
  7118 | D:5      | Reached XP level 9. HP: 47/54 MP: 12/12
  7219 | D:4      | Reached skill level 5 in Dodging
  7492 | D:5      | Noticed Blork the orc
  7502 | D:5      | Killed Blork the orc
  7502 | D:5      | Reached * piety under Okawaru
  7825 | D:5      | Noticed Xiguana's ghost (novice OgVM)
  7831 | D:5      | Found a transporter.
  7834 | D:5      | Found a transporter.
  8155 | D:6      | Found a hide-covered altar of Uskayaw.
  8178 | D:6      | Found a blossoming altar of Fedhas.
  8197 | D:6      | Found a staircase to the Ecumenical Temple.
  8210 | D:6      | Found a radiant altar of Vehumet.
  8364 | D:6      | Noticed Eustachio
  8380 | D:6      | Killed Eustachio
  8597 | D:7      | Reached skill level 5 in Invocations
  8763 | D:7      | Reached ** piety under Okawaru
  9140 | D:7      | Reached XP level 10. HP: 58/60 MP: 14/14
  9167 | D:7      | Found a shimmering altar of Xom.
 10854 | D:8      | Noticed Joseph
 10885 | D:8      | Killed Joseph
 10885 | D:8      | Reached skill level 10 in Crossbows
 10885 | D:8      | Reached skill level 1 in Maces & Flails
 11188 | D:8      | HP: 3/60 [poisoned by a killer bee]
 11196 | D:8      | HP: 2/60 [poisoned by a killer bee]
 11204 | D:8      | HP: 2/60 [poisoned by a killer bee]
 11541 | D:8      | Noticed Maggie
 11559 | D:8      | Killed Maggie
 11559 | D:8      | Reached *** piety under Okawaru
 11698 | D:8      | Learned a level 3 spell: Portal Projectile
 11703 | D:8      | Learned a level 4 spell: Cause Fear
 12325 | D:7      | Reached skill level 5 in Maces & Flails
 12932 | D:8      | Reached XP level 11. HP: 54/64 MP: 13/15
 13361 | D:9      | Found an opulent altar of Gozag.
 13361 | D:9      | Found a sacrificial altar of Ru.
 13433 | D:9      | Found a basalt altar of Yredelemnul.
 13854 | D:9      | Noticed a two-headed ogre
 13952 | D:9      | Killed a two-headed ogre
 14236 | D:9      | Found a bloodstained altar of Trog.
 14685 | D:9      | Reached **** piety under Okawaru
 14796 | D:9      | Found a staircase to the Orcish Mines.
 15064 | D:10     | Entered Level 10 of the Dungeon
 15072 | D:10     | Learned a level 4 spell: Leda's Liquefaction
 15167 | D:10     | Found a flagged portal.
 15222 | Bailey   | Entered a bailey
 16786 | D:10     | Found a staircase to the Lair.
 16841 | D:10     | Noticed Grum
 16984 | D:9      | Killed Grum
 17059 | D:10     | Found Jiqareza's Weapon Shoppe.
 17410 | D:10     | Found a runed translucent door.
 17411 | D:10     | Found a runed translucent door.
 17412 | D:10     | Found a runed translucent door.
 17752 | D:10     | Noticed an unseen horror
 17764 | D:10     | Killed an unseen horror
 17764 | D:10     | Reached ***** piety under Okawaru
 17764 | D:10     | Received a gift from Okawaru
 17764 | D:10     | Reached skill level 10 in Dodging
 17764 | D:10     | Reached XP level 12. HP: 41/77 MP: 12/16
 18061 | D:10     | Reached skill level 10 in Fighting
 18094 | D:10     | Noticed a centaur warrior
 18519 | D:10     | Reached skill level 5 in Stealth
 18565 | D:10     | Killed a centaur warrior
 18565 | D:10     | Received a gift from Okawaru
 18787 | D:10     | Noticed a skeletal warrior
 19054 | D:10     | Identified the +10 hunting sling of Limpuam {freeze, *Slow
                  | Str+4 Dex+6}
 19054 | D:10     | Noticed a tengu warrior
 19065 | D:10     | Killed a tengu warrior
 19253 | Lair:1   | Entered Level 1 of the Lair of Beasts
 20195 | Lair:1   | Received a gift from Okawaru
 20899 | Lair:2   | Noticed a seven-headed hydra
 20911 | Lair:2   | Killed a seven-headed hydra
 21848 | Lair:1   | Reached skill level 5 in Evocations
 21956 | Lair:2   | Received a gift from Okawaru
 23178 | Lair:3   | Noticed Fannar
 23211 | Lair:3   | Killed Fannar
 23211 | Lair:3   | Reached XP level 13. HP: 48/82 MP: 19/19
 23230 | Lair:3   | Noticed Rupert
 23241 | Lair:3   | Found a frozen archway.
 23519 | Lair:3   | Slain by a tyrant leech

Levels and vault maps discovered:
D:1:      arrival_zaba_pyramid, layout_basic, minmay_misc_feat_enclosed
D:2:      layout_loops_ring, nicolae_overflow_hidden_temple,
          chequers_ecumenical_altar_simple_redux
D:3:      layout_basic, gup_sewer_entry_glass, uniq_jessica
D:4:      layout_loops_ring, makhleb_heckhound_becter,
          gammafunk_temple_overflow_elements, dk_vineyard_2, uniq_pikel
D:5:      layout_rooms, gammafunk_ghost_arena, first_ration, uniq_blork_the_orc
D:6:      layout_rooms, eat_drink_and_be_merry_uskayaw,
          grunt_temple_overflow_open, minmay_temple_entry_statues_fountains,
          uniq_eustachio
D:7:      layout_basic, lemuel_crystal_altar
D:8:      layout_loops_corners, david_nohive_1, kennysheep_kite_vault,
          uniq_maggie, uniq_joseph
D:9:      layout_roguey, kennysheep_mini, gammafunk_temple_overflow_forgotten,
          david_orc_2
D:10:     minmay_the_grid_triangle_9x9_rhombus_full
          [minmay_the_grid_triangle_9x9_fully_insulated_deathbox,
          minmay_the_grid_triangle_9x9_impossible_snake,
          minmay_the_grid_triangle_9x9_skeleton,
          minmay_the_grid_triangle_9x9_flanged_cone,
          minmay_the_grid_triangle_9x9_minimal,
          minmay_the_grid_triangle_9x9_negative_grid,
          minmay_the_grid_triangle_9x9_from_above,
          minmay_the_grid_triangle_9x9_prize_center], layout_cave_pools,
          enter_bailey_3, serial_shops, nicolae_shop_statue_plus,
          solitary_fountain, uniq_grum
Lair:1:   layout_hall_layers
Lair:2:   layout_layer_cave, grunt_forest_small_clearings
Lair:3:   layout_concentric_octagons, minmay_swamp_entry_worms,
          portal_ice_cave_entry_imps, lemuel_fruit_tree,
          infiniplex_staircase_pool_2, uniq_rupert, uniq_fannar

Skill      XL: |  1  2  3  4  5  6  7  8  9 10 11 12 13 |
---------------+----------------------------------------+-----
Crossbows      | 3 4 5 6 7 10 | 10.0
Fighting       | 3 4 5 6 9 10 | 10.1
Spellcasting   | 2 4 |  4.0
Hexes          | 6 8 |  8.0
Evocations     | 4 5 6 |  6.1
Dodging        | 3 4 6 10 | 10.0
Stealth        | 2 4 8 |  8.0
Invocations    | 6 7 |  7.4
Maces & Flails | 5 6 |  6.0

Action                   |  1- 3 |  4- 6 |  7- 9 | 10-12 | 13-15 || total
-------------------------+-------+-------+-------+-------+-------++-------
Melee: Whip              |    36 |    88 |       |       |       ||   124
       Dagger            |       |   143 |   367 |    41 |       ||   551
       Flail             |       |       |       |   467 |       ||   467
       Morningstar       |       |       |       |   264 |    37 ||   301
       Punch             |       |       |       |     6 |       ||     6
       Hand crossbow     |       |       |       |     2 |       ||     2
 Fire: Hand crossbow     |    48 |    69 |    80 |   503 |    11 ||   711
Throw: Dart              |       |       |     8 |    24 |       ||    32
 Cast: Corona            |     3 |     8 |    14 |     7 |       ||    32
       Slow              |       |     4 |     7 |    24 |     4 ||    39
       Portal Projectile |       |       |       |     1 |       ||     1
Invok: Heroism           |       |       |       |    30 |     2 ||    32
       Finesse           |       |       |       |     1 |       ||     1
Evoke: Wand              |       |       |     4 |     8 |       ||    12
       Box of beasts     |       |       |       |     1 |       ||     1
       Phial of floods   |       |       |       |     1 |       ||     1
  Use: Scroll            |       |     3 |     7 |    17 |       ||    27
       Potion            |       |     1 |     7 |     9 |       ||    17
 Stab: Sleeping          |       |       |     1 |     6 |       ||     7
       Distracted        |       |       |       |     1 |       ||     1
  Eat: Chunk             |    11 |     9 |    24 |    48 |     2 ||    94
Armor: Robe              |    13 |     2 |       |       |       ||    15
       Leather armour    |       |    96 |    54 |   197 |    19 ||   366
Dodge: Dodged            |    74 |   249 |   290 |  1095 |    58 ||  1766

Table legend:
 A = Non-vault XP
 B = Vault XP
 C = Vault XP percentage of total XP
 D = Non-vault monster count
 E = Vault monster count
 F = Vault count percentage of total count
                 A         B        C        D         E       F
            +---------+---------+-------+---------+---------+-------
      Total |   15673 |   12390 |  44.2 |     229 |     161 |  41.3
            +---------+---------+-------+---------+---------+-------
        D:1 |      34 |       0 |   0.0 |      16 |       0 |   0.0
        D:2 |      73 |       0 |   0.0 |      17 |       0 |   0.0
        D:3 |      77 |      56 |  42.1 |      23 |       5 |  17.9
        D:4 |     639 |     694 |  52.1 |      20 |       2 |   9.1
        D:5 |     428 |      87 |  16.9 |      17 |       1 |   5.6
        D:6 |     517 |     197 |  27.6 |      12 |       1 |   7.7
        D:7 |    1593 |       0 |   0.0 |      32 |       0 |   0.0
        D:8 |     365 |    2875 |  88.7 |       5 |      28 |  84.8
        D:9 |    3384 |     428 |  11.2 |      39 |      10 |  20.4
       D:10 |     736 |    5253 |  87.7 |       7 |      31 |  81.6
     Lair:1 |    2509 |       0 |   0.0 |      14 |       0 |   0.0
     Lair:2 |    5245 |       0 |   0.0 |      26 |       0 |   0.0
     Lair:3 |      73 |    1242 |  94.4 |       1 |       5 |  83.3
      Sewer |       0 |     316 | 100.0 |       0 |      48 | 100.0
     Bailey |       0 |    1242 | 100.0 |       0 |      30 | 100.0
            +---------+---------+-------+---------+---------+-------
